 Dungeon Crawl Stone Soup version 0.30-a0-373-gd37427bb62 (webtiles) character file.

Game seed: 6532397879890584622

110 pokeman the Magician (level 4, 0/25 HPs)
             Began as a Deep Elf Hedge Wizard on Nov 24, 2022.
             Slain by Grinder (9 damage)
             ... on level 3 of the Dungeon.
             The game lasted 00:03:44 (2549 turns).

pokeman the Magician (Deep Elf Hedge Wizard)        Turns: 2549, Time: 00:03:45

Health: 0/25       AC:  4    Str:  7    XL:     4   Next: 61%
Magic:  3/22       EV: 12    Int: 21    God:
Gold:   150        SH:  0    Dex: 14    Spells: 6/14 levels left

rFire   + . .      SeeInvis .    a - +0 dagger
rCold   . . .      Faith    .    (no shield)
rNeg    . . .      Spirit   .    q - +1 leather armour {Will+}
rPois   .          Reflect  .    c - +0 hat
rElec   .          Harm     .    (no cloak)
rCorr   .          Rampage  .    (no gloves)
Will    +....                    (no boots)
Stlth   ++........               (no amulet)
HPRegen 0.24/turn                f - ring of magical power
MPRegen 0.18/turn                n - ring of protection from fire

@: on blink cooldown, very slightly contaminated
A: no striking features
a: no special abilities


You were on level 3 of the Dungeon.
You visited 1 branch of the dungeon, and saw 3 of its levels.

You collected 150 gold pieces.

Inventory:

Hand Weapons
 a - a +0 dagger (weapon)
Armour
 c - a +0 hat (worn)
 k - a +0 tower shield
 q - a +1 leather armour of willpower (worn)
Jewellery
 f - a ring of magical power (left hand)
 n - a ring of protection from fire (right hand)
Wands
 p - a wand of flame (25)
Scrolls
 g - 2 scrolls of teleportation {unknown}
 i - 2 scrolls of noise {unknown}
 l - 3 scrolls of amnesia {unknown}
 m - 3 scrolls of identify {unknown}
Potions
 b - a potion of lignification {unknown}
 d - a potion of magic
 e - a potion of curing {unknown}
 h - a potion of might {unknown}
 j - 2 potions of mutation {unknown}
 o - a potion of haste {unknown}


   Skills:
 - Level 1.0 Fighting
 - Level 1.0 Armour
 + Level 2.8 Dodging
 - Level 2.4 Stealth
 + Level 0.5 Shields
 * Level 5.8 Spellcasting
 + Level 2.3 Conjurations
 - Level 1.1 Summonings
 - Level 1.1 Translocations


You had 6 spell levels left.
You knew the following spells:

 Your Spells              Type           Power      Damage    Failure   Level
a - Magic Dart            Conj           60%        1d6       5%          1
b - Mephitic Cloud        Conj/Pois/Air  9%         N/A       32%         3
c - Call Imp              Summ           10%        N/A       14%         2
d - Blink                 Tloc           20%        N/A       14%         2

Your spell library contained the following spells:

 Spells                   Type           Power      Damage    Failure   Level
 Slow                     Hex            24%        N/A       14%         1
 Cigotuvi's Dreadful Rot  Necr/Pois/Air  12%        N/A       22%         2
 Gell's Gravitas          Tloc           10%        N/A       28%         3
 Teleport Other           Tloc           10%        N/A       28%         3
 Dispersal                Tloc           5%         N/A       100%        6


Dungeon Overview and Level Annotations

Branches:
Dungeon (3/15)

Altars:
Fedhas
Qazlal

Annotations:
D:3 Grinder


Message History

Casting: Magic Dart (safe; 5% risk of failure)
Confirm with . or Enter, or press ? or * to list all spells.
Aiming: Magic Dart (safe; 5% risk of failure)
Press: ? - help, Shift-Dir - straight line, f/p - Grinder
Aim: Grinder (severely wounded, 100% to hit)
The magic dart hits Grinder.
Grinder is severely wounded.
The hobgoblin barely misses you. Grinder closely misses you.
Casting: Magic Dart (safe; 5% risk of failure)
Confirm with . or Enter, or press ? or * to list all spells.
Aiming: Magic Dart (safe; 5% risk of failure)
Press: ? - help, Shift-Dir - straight line, f/p - Grinder
Aim: Grinder (severely wounded, 100% to hit)
The magic dart hits Grinder.
Grinder is almost dead.
The hobgoblin hits you. Grinder gestures at you. You resist with some effort.
Unknown command.
Casting: Magic Dart (safe; 5% risk of failure)
Confirm with . or Enter, or press ? or * to list all spells.
You blink.
Grinder blinks!
Unknown command.
Casting: Blink (safe; 14% risk of failure)
Confirm with . or Enter, or press ? or * to list all spells.
Aiming: Magic Dart (safe; 5% risk of failure)
Press: ? - help, Shift-Dir - straight line, f/p - Grinder
Aim: Grinder (almost dead, 100% to hit)
The magic dart hits Grinder.
Grinder is almost dead.
Unknown command.
Casting: Magic Dart (safe; 5% risk of failure)
Confirm with . or Enter, or press ? or * to list all spells.
Aiming: Magic Dart (safe; 5% risk of failure)
Press: ? - help, Shift-Dir - straight line, f/p - Grinder
Aim: Grinder (almost dead, 100% to hit)
The magic dart hits Grinder.
Grinder is almost dead.
Grinder hits you!
You die...

#......# . #......# .
#......# ############
#......# #.........#
#......# #.........#
#......# #.........#
#......# #.........##
#...@..# #...........
##...5..# #...........
#....g.## #...........
##$...!# #...........
#.....# #...........
#.....# #...........
###.....#############..
........................
...####+#................


You could see Grinder and a hobgoblin.

Vanquished Creatures
  A gnoll (D:1)
  2 adders
  3 worms
  A dart slug (D:1)
  4 bats
  2 endoplasms (D:1)
  10 giant cockroaches (D:2)
  4 goblins
  3 hobgoblins
  A kobold (D:1)
  2 quokkas
  9 ball pythons
  2 rats
44 creatures vanquished.

Vanquished Creatures (collateral kills)
  Terence (D:2)
1 creature vanquished.

Vanquished Creatures (others)
  A plant (D:3)
1 creature vanquished.

Grand Total: 46 creatures vanquished

Notes
Turn   | Place    | Note
-------+----------+-------------------------------------------
     0 | D:1      | pokeman the Deep Elf Hedge Wizard began the quest for the
                  | Orb.
     0 | D:1      | Reached XP level 1. HP: 10/10 MP: 7/7
     3 | D:1      | Noticed an electric eel
     4 | D:1      | Noticed an electric eel
   366 | D:1      | Reached XP level 2. HP: 10/16 MP: 9/9
   560 | D:1      | Reached skill level 5 in Spellcasting
   674 | D:1      | You fall into a shaft and drop 1 floor!
   905 | D:1      | Reached XP level 3. HP: 20/20 MP: 11/11
   909 | D:1      | Learned a level 3 spell: Mephitic Cloud
   912 | D:1      | Learned a level 2 spell: Call Imp
   915 | D:1      | Learned a level 2 spell: Blink
  1397 | D:2      | Noticed Terence
  1692 | D:2      | Reached skill level 1 in Fighting
  1692 | D:2      | Reached skill level 1 in Armour
  1795 | D:2      | Killed Terence
  1796 | D:2      | Reached XP level 4. HP: 14/25 MP: 12/13
  2333 | D:3      | Found a stormy altar of Qazlal.
  2339 | D:3      | Found a blossoming altar of Fedhas.
  2528 | D:3      | Noticed Grinder
  2549 | D:3      | Slain by Grinder

Illustrated notes

Levels and vault maps discovered:
D:1:      arrival_aquarium_b, layout_loops_ring
D:2:      minmay_roachtagon, layout_rooms, minmay_misc_feat_x,
          kennysheep_generic_room_4, uniq_terence
D:3:      layout_basic, grunt_temple_overflow_forces_of_nature,
          cheibrodos_ashenzari_chains,
          hellmonk_okawaru_the_only_friend_you_need, uniq_crazy_yiuf_cottage,
          uniq_grinder

Skill      XL: |  1  2  3 |
---------------+----------+-----
Spellcasting   | 5 |  5.8
Fighting       | 1 |  1.0
Armour         | 1 |  1.0
Conjurations   | 2 |  2.3
Dodging        | |  2.8
Stealth        | |  2.4
Shields        | |  0.5
Summonings     | |  1.1
Translocations | |  1.1

Action                   |  1- 3 |  4- 6 || total
-------------------------+-------+-------++-------
Melee: Dagger            |    19 |       ||    19
       Punch             |     2 |       ||     2
 Cast: Magic Dart        |    92 |    65 ||   157
       Mephitic Cloud    |     5 |       ||     5
       Call Imp          |     2 |       ||     2
       Blink             |     1 |     1 ||     2
 Stab: Confused          |     3 |       ||     3
Armor: Leather armour    |     2 |    10 ||    12
Dodge: Dodged            |    12 |    16 ||    28

Table legend: (Time is in decaauts)
 A = Elapsed time spent in this place.
 B = Non-inter-level travel time spent in this place.
 C = Inter-level travel time spent in this place.
 D = Time resting spent in this place.
 E = Time spent auto-exploring this place.
 F = Levels seen in this place.
 G = Mean time per level.
                   A        B        C        D        E       F      G
               +--------+--------+--------+--------+--------+-----+--------+
         Total |   2552 |   2457 |     95 |    133 |   1953 |   3 |  850.7 |
       Dungeon |   2552 |   2457 |     95 |    133 |   1953 |   3 |  850.7 |
               +--------+--------+--------+--------+--------+-----+--------+

Top non-repeatable levels by time:
     D:1: 1252 daAuts
     D:2: 1070 daAuts
     D:3: 229 daAuts
